 Dungeon Crawl Stone Soup version 0.29-a0-330-g52719c12eb (webtiles) character file.

Game seed: 1233669211301428048

259 zishaf the Digger (level 6, -3/42 HPs)
             Began as an Octopode Earth Elementalist on Apr 13, 2022.
             Slain by Blork the orc
             ... wielding a +0 glaive
              (11 damage)
             ... on level 4 of the Dungeon.
             The game lasted 00:04:31 (3702 turns).

zishaf the Digger (Octopode Earth Elementalist)     Turns: 3702, Time: 00:04:32

Health: -3/42      AC:  1    Str:  8    XL:     6   Next: 17%
Magic:  1/9        EV: 13    Int: 19    God:
Gold:   152        SH:  0    Dex: 12    Spells: 5/9 levels left

rFire   . . .      SeeInvis .   g - +1 dagger (holy)
rCold   . . .      Faith    .   (no shield)
rNeg    . . .      Spirit   .   (helmet restricted)
rPois   .          Reflect  .   (no amulet)
rElec   .          Harm     .   (no ring)
rCorr   .          Rampage  .   (no ring)
Will    .....                   (no ring)
Stlth   +++.......              (no ring)
HPRegen 0.14/turn               (no ring)
MPRegen 0.11/turn               (no ring)
                                (no ring)
                                (no ring)

@: very slightly contaminated
A: almost no armour, amphibious, 8 rings, camouflage 1, gelatinous body 1,
(nimble swimmer 1), tentacles
a: no special abilities


You were on level 4 of the Dungeon.
You visited 1 branch of the dungeon, and saw 4 of its levels.

You collected 152 gold pieces.

Inventory:

Hand Weapons
 c - a +0 dagger
 g - a +1 dagger of holy wrath (weapon)
Jewellery
 m - a ring of positive energy
 r - a ring of ice
Scrolls
 e - 9 scrolls of identify {unknown}
 f - a scroll of fog {unknown}
 h - 2 scrolls of amnesia {unknown}
 i - a scroll of blinking {unknown}
 j - 4 scrolls of teleportation {unknown}
 l - a scroll of enchant weapon {unknown}
 q - 2 scrolls of immolation {unknown}
Potions
 a - a potion of resistance {unknown}
 b - 2 potions of magic
 d - a potion of mutation {unknown}
 k - a potion of degeneration {unknown}
 n - 2 potions of ambrosia {unknown}
 o - a potion of haste {unknown}
 p - 2 potions of heal wounds {unknown}


   Skills:
 + Level 3.0 Fighting
 - Level 2.0 Dodging
 - Level 2.6 Stealth
 - Level 2.0 Spellcasting
 + Level 0.6 Conjurations
 - Level 1.0 Transmutations
 * Level 5.7 Earth Magic


You had 5 spell levels left.
You knew the following spells:

 Your Spells              Type           Power      Damage    Failure   Level
a - Sandblast             Erth           46%        2d11      1%          1
b - Stone Arrow           Conj/Erth      28%        3d8       14%         3

Your spell library contained the following spells:

 Spells                   Type           Power      Damage    Failure   Level
 Passwall                 Tmut/Erth      11%        N/A       6%          2
 Beastly Appendage        Tmut           10%        N/A       11%         1
 Wereblood                Tmut           5%         N/A       17%         2
 Spider Form              Tmut/Pois      3%         N/A       38%         3
 Petrify                  Tmut/Erth      14%        N/A       38%         4


Dungeon Overview and Level Annotations

Branches:
Dungeon (4/15)
 Temple: D:4-7

Altars:
Gozag

Annotations:
D:4 Blork the orc


Innate Abilities, Weirdness & Mutations

You cannot wear most types of armour.
You are amphibious.
You can wear up to eight rings at the same time.
Your skin changes colour to match your surroundings (Stealth+).
Your rubbery body absorbs attacks. (AC +1, EV +1)
((You are camouflaged when in or above water. (Stealth+)))
You have tentacles for arms and can constrict up to eight enemies at once.


Message History

You kill the adder!
You feel sick.
Blork the orc looks encouraged for a moment.
Casting: Sandblast (safe; 1% risk of failure)
Confirm with . or Enter, or press ? or * to list all spells.
Aiming: Stone Arrow (dangerous; 14% risk of failure)
Press: ? - help, Shift-Dir - straight line, f - Blork the orc
Aim: Blork the orc, wielding a +0 glaive and wearing a +0 robe (fast, 72% to hit)
The stone arrow hits Blork the orc!
Blork the orc is moderately wounded.
You feel sick.
You are no longer poisoned.
Blork the orc barely misses you. Blork the orc casts a spell at you.
The puff of flame hits you.
Casting: Stone Arrow (dangerous; 14% risk of failure)
Confirm with . or Enter, or press ? or * to list all spells.
Aiming: Stone Arrow (dangerous; 14% risk of failure)
Press: ? - help, Shift-Dir - straight line, f/p - Blork the orc
Aim: Blork the orc, wielding a +0 glaive and wearing a +0 robe (moderately wounded, fast, 72% to hit)
You miscast Stone Arrow.
You are very lightly contaminated with residual magic.
You feel a surge of energy from the ground.
Blork the orc misses you.
Casting: Stone Arrow (dangerous; 14% risk of failure)
Confirm with . or Enter, or press ? or * to list all spells.
Aiming: Stone Arrow (dangerous; 14% risk of failure)
Press: ? - help, Shift-Dir - straight line, f/p - Blork the orc
Aim: Blork the orc, wielding a +0 glaive and wearing a +0 robe (moderately wounded, fast, 72% to hit)
The stone arrow hits Blork the orc!
Blork the orc is heavily wounded.
Blork the orc completely misses you.
Blork the orc hits you from afar with a +0 glaive!
* * * LOW HITPOINT WARNING * * *
The orc attacks as you move away! The orc closely misses you.
The orc attacks as you move away! The orc closely misses you.
Blork the orc barely misses you. The orc attacks as you move away!
The orc barely misses you.
Blork the orc hits you from afar with a +0 glaive!
You die...

#............#
#...........## #...........#
## #..........o# ###.
#........ooo# #'..
#..........o## ###.
#...........o# ≈≈.. ##
#............## ......
#............@## ..... #.
#..............###...###.
#................#...#^.#
#........†.......#...#..#
........).......##.##..#
......................#
.........)............#
......................######
..............).............


You could see Blork the orc (fast) and 5 orcs.

Vanquished Creatures
  A jelly (D:3)
  Terence (D:3)
  An orc wizard (D:4)
  6 adders
  6 gnolls
  4 orcs
  4 ball pythons
  7 endoplasms
  7 goblins
  5 hobgoblins
  2 jackals (D:4)
  9 kobolds
  2 quokkas
  8 bats
  2 frilled lizards
  4 rats
69 creatures vanquished.

Notes
Turn   | Place    | Note
-------+----------+-------------------------------------------
     0 | D:1      | zishaf the Octopode Earth Elementalist began the quest for
                  | the Orb.
     0 | D:1      | Reached XP level 1. HP: 11/11 MP: 3/3
   204 | D:1      | Reached XP level 2. HP: 18/18 MP: 3/5
   491 | D:1      | Reached skill level 1 in Fighting
   862 | D:2      | Reached XP level 3. HP: 22/23 MP: 6/6
  1066 | D:2      | Reached skill level 4 in Earth Magic
  1207 | D:2      | Reached XP level 4. HP: 26/29 MP: 2/7
  2090 | D:3      | Noticed Terence
  2104 | D:3      | Killed Terence
  2105 | D:3      | Reached XP level 5. HP: 10/34 MP: 1/8
  2456 | D:3      | Reached skill level 5 in Earth Magic
  2489 | D:3      | Found an opulent altar of Gozag.
  3379 | D:3      | Learned a level 3 spell: Stone Arrow
  3588 | D:4      | Reached XP level 6. HP: 35/41 MP: 9/9
  3683 | D:4      | Noticed Blork the orc
  3702 | D:4      | Slain by Blork the orc

Illustrated notes

Levels and vault maps discovered:
D:1:      minmay_arrival_four_circles, layout_basic, nrook_campfire,
          patterned_corridor
D:2:      layout_loops_ring
D:3:      layout_loops_ring, nicolae_gozag_seed_capital, uniq_terence
D:4:      layout_basic, ashenzari_altar_1, tgw_sif, kennysheep_mini,
          serial_shops, shop_fountains, uniq_blork_the_orc

Skill      XL: |  1  2  3  4  5  6 |
---------------+-------------------+-----
Fighting       | 1 2 3 |  3.0
Earth Magic    | 4 5 |  5.7
Dodging        | |  2.0
Stealth        | |  2.6
Spellcasting   | |  2.0
Conjurations   | |  0.6
Transmutations | |  1.0

Action                   |  1- 3 |  4- 6 || total
-------------------------+-------+-------++-------
Melee: Dagger            |    29 |    60 ||    89
       Constrict         |     3 |    16 ||    19
       Tentacles         |     2 |    12 ||    14
 Cast: Sandblast         |    17 |    45 ||    62
       Stone Arrow       |       |     2 ||     2
 Stab: Sleeping          |     7 |     4 ||    11
Armor: Skin              |     1 |     9 ||    10
Dodge: Dodged            |    17 |    49 ||    66

Table legend: (Time is in decaauts)
 A = Elapsed time spent in this place.
 B = Non-inter-level travel time spent in this place.
 C = Inter-level travel time spent in this place.
 D = Time resting spent in this place.
 E = Time spent auto-exploring this place.
 F = Levels seen in this place.
 G = Mean time per level.
                   A        B        C        D        E       F      G
               +--------+--------+--------+--------+--------+-----+--------+
         Total |   3701 |   3630 |     71 |    134 |   3006 |   4 |  925.2 |
       Dungeon |   3701 |   3630 |     71 |    134 |   3006 |   4 |  925.2 |
               +--------+--------+--------+--------+--------+-----+--------+

Top non-repeatable levels by time:
     D:3: 1321 daAuts
     D:2: 1230 daAuts
     D:1: 838 daAuts
     D:4: 311 daAuts
